Unix NetHack Version 3.7.0-88 Work-in-progress - last build Aug 1 2023 00:06:55 (6c2538ef3b57905bfe3a9f43e533da77bea2ed47,branch:master). Game began 2023-08-01 17:27:49, ended 2023-08-01 21:51:30. Arasaka, neutral female human Tourist --. ..... ..| ........@. .......r-- ....Gr... |..%..-- --.<.. ---). --. Arasaka the Rambler St:12 Dx:11 Co:15 In:15 Wi:7 Ch:15 Neutral Dlvl:4 $:620 HP:0(17) Pw:9(9) AC:4 Xp:2/28 T:1228 Satiated Latest messages: The gnome escapes upstairs! You hear some noises. There is a branch staircase up to the Dungeons of Doom here. You hear some noises in the distance. You hear someone incant LOREM IPSUM. The gnome swings her thonged club. The gnome hits! You climb up the stairs. There is a branch staircase down to the Gnomish Mines here. You hear bubbling water. What do you want to ready? [- $a or ?*] a - 39 uncursed +2 darts (at the ready). In what direction? You kill the gnome! Welcome to experience level 2. a - an uncursed +2 dart (at the ready) (39 in total). There is a gnome corpse here; eat it? [ynq] (n) This gnome corpse is tough. You finish eating the gnome corpse. There is a branch staircase down to the Gnomish Mines here. You descend the stairs. There is a branch staircase up to the Dungeons of Doom here. You hear some noises in the distance. You see here 2 crossbow bolts. The giant rat misses! In what direction? The dart hits the gnome. In what direction? You kill the gnome! There is a branch staircase up to the Dungeons of Doom here. a - 2 uncursed +2 darts (at the ready) (39 in total). z - a thonged club. The giant rat misses! What do you want to adjust? [a-hl-nt-vxz or ?*] Adjust letter to what [i-ko-swyzA-Z] (? see used letters)? Swapping: a - a thonged club. What do you want to wield? [- az or ?*] You secure the tether. a - a thonged club (tethered weapon in hand). The giant rat bites! You miss the giant rat. The giant rat bites! The giant rat bites! The giant rat bites! The giant rat bites! You hear some noises in the distance. What do you want to write with? [- atuvz or ?*] You write in the dust with your fingertip. The giant rat bites! You die... Inventory: Coins ('$') $ - 620 gold pieces Weapons (')') z - 39 uncursed +2 darts (at the ready) a - an uncursed +0 aklys (tethered weapon in hand) Armor ('[') x - an uncursed +0 bronze plate mail (being worn) Comestibles ('%') b - an uncursed taco e - an uncursed cream pie d - an uncursed eucalyptus leaf c - 4 uncursed food rations g - an uncursed tripe ration n - 2 uncursed tins of spinach f - 2 uncursed eggs Potions ('!') h - 2 uncursed potions of extra healing Wands ('/') u - an uncursed wand of secret door detection (0:15) t - an uncursed wand of sleep (0:5) Tools ('(') m - an uncursed credit card l - an uncursed expensive camera (0:42) Gems/Stones ('*') v - an uncursed luckstone Arasaka the Tourist's attributes: Background: You were a Rambler, a level 2 female human Tourist. You were neutral, on a mission for The Lady who was opposed by Blind Io (lawful) and Offler (chaotic). You were in the Gnomish Mines, on level 4. You entered the dungeon 1228 turns ago. There was a full moon in effect when your adventure ended. You had 28 experience points, 12 more were needed to attain level 3. Basics: You had 0 out of 17 hit points. You had all 9 energy points (spell power). Your armor class was 4. Your wallet contained 620 zorkmids. Autopickup was on for '$"?' plus thrown, with exceptions. Final Characteristics: Your strength was 12 (limit:18/100). Your dexterity was 11 (limit:18). Your constitution was 15 (limit:18). Your intelligence was 15 (limit:18). Your wisdom was 7 (limit:18). Your charisma was 15 (limit:18). Final Status: You were satiated. You were unencumbered. You were wielding a club. You had no skill with club. Final Attributes: You were stridently aligned. You were warded. You were lucky. You had extra luck. Bad luck did not time out for you. Good luck did not time out for you. You are dead. Miscellaneous: You disabled loading of bones levels. Total elapsed playing time was 24 minutes and 28 seconds. Major events: Turn 1: Arasaka the neutral female human Tourist entered the dungeon 1178: entered the Gnomish Mines 1228: killed by a giant rat Vanquished creatures: a wolf a shrieker a gnome leader a dwarf 2 yellow molds 3 gnomes a fox 2 sewer rats 2 grid bugs 4 lichens 4 newts 22 creatures vanquished. No species were genocided or became extinct. Voluntary challenges: You never hit with a wielded weapon. You read items or engraved 3 times. You never engraved Elbereth. You never genocided any monsters. You never polymorphed an object. You never changed form. You used no wishes. Achievement: You entered the Gnomish Mines. The Dungeons of Doom: levels 1 to 3 Level 1: An altar to The Lady, a fountain. Level 2: An altar. Level 3: A fountain. Stairs down to The Gnomish Mines. The Gnomish Mines: Level 4: <- You were here. Final resting place for you, killed by a giant rat. The Tutorial: Level 1: A tree. Game over: ---------- / \ / REST \ / IN \ / PEACE \ / \ | Arasaka | | 620 Au | | killed by a | | giant rat | | | | | | 2023 | *| * * * | * _________)/\\_//(\/(/\)/\//\/|_)_______ Aloha Arasaka the Tourist... You died in The Gnomish Mines on dungeon level 4 with 300 points, and 620 pieces of gold, after 1228 moves. You were level 2 with a maximum of 17 hit points when you died.